 Dungeon Crawl Stone Soup version 0.28-a0-1429-gf3d713df7a (webtiles) character file.

Game seed: 8786321163384955684

537 blackman the Cudgeller (level 7, -2/48 HPs)
             Began as a Human Wanderer on Jan 8, 2022.
             Was an Initiate of Gozag.
             Slain by a gnoll (8 damage)
             ... on level 4 of the Dungeon.
             The game lasted 00:15:15 (6094 turns).

blackman the Cudgeller (Human Wanderer)             Turns: 6094, Time: 00:15:15

Health: -2/48      AC:  7    Str: 15    XL:     7   Next: 50%
Magic:  8/8        EV:  9    Int: 10    God:    Gozag
Gold:   421        SH:  5    Dex: 14    Spells: 7/8 levels left

rFire   . . .      SeeInvis .   a - +2 mace
rCold   . . .      Faith    .   b - +0 buckler
rNeg    . . .      Spirit   .   v - +0 ring mail
rPois   .          Reflect  .   l - +0 helmet
rElec   .          Harm     .   e - +0 cloak
rCorr   .          Rampage  .   (no gloves)
Will    .....                   (no boots)
Stlth   +.........              (no amulet)
HPRegen 0.16/turn               (no ring)
MPRegen 0.11/turn               (no ring)

@: about to teleport
A: no striking features
a: Renounce Religion, Potion Petition, Call Merchant, Bribe Branch


You were on level 4 of the Dungeon.
You worshipped Gozag.
Gozag was aware of your devotion.
You visited 1 branch of the dungeon, and saw 5 of its levels.

You collected 451 gold pieces.
You spent 30 gold pieces at shops.

Inventory:

Hand Weapons
 a - a +2 mace (weapon)
 r - a +0 short sword
Missiles
 n - 29 poisoned darts
Armour
 b - a +0 buckler (worn)
 c - a +0 leather armour
 e - a +0 cloak (worn)
 l - a +0 helmet (worn)
 v - a +0 ring mail (worn)
Jewellery
 d - a ring of protection from fire
 p - a ring of wizardry
 t - a ring of fire
Wands
 f - a wand of polymorph (4)
 w - a wand of flame (21)
 y - a wand of iceblast (7)
Scrolls
 g - a scroll of brand weapon {unknown}
 i - a scroll of enchant weapon {unknown}
 j - a scroll of teleportation
 k - 2 scrolls of blinking {unknown}
 m - 2 scrolls of identify {unknown}
 u - a scroll of holy word {unknown}
 x - a scroll of noise {unknown}
Potions
 h - a potion of flight {unknown}
 o - 2 potions of curing
 q - a potion of heal wounds
 s - 2 potions of ambrosia {unknown}
 z - a potion of magic {unknown}


   Skills:
 - Level 1.0 Fighting
 * Level 7.7 Maces & Flails
 - Level 3.0 Shields
 - Level 1.0 Spellcasting
 - Level 3.0 Hexes


You had 7 spell levels left.
You knew the following spells:

 Your Spells              Type           Power      Damage    Failure   Level
a - Slow                  Hex            24%        N/A       26%         1

Your spell library contained the following spells:

 Spells                   Type           Power      Damage    Failure   Level
 Ensorcelled Hibernation  Hex/Ice        6%         N/A       58%         2
 Tukima's Dance           Hex            6%         N/A       61%         3
 Freeze                   Ice            0%         1d3       65%         1
 Summon Small Mammal      Summ           0%         N/A       65%         1
 Dazzling Flash           Conj/Hex       6%         N/A       82%         3
 Summon Guardian Golem    Hex/Summ       3%         N/A       82%         3
 Call Canine Familiar     Summ           0%         N/A       95%         3
 Frozen Ramparts          Ice            0%         1d2       95%         3
 Hailstorm                Conj/Ice       0%         3d3       100%        4
 Enfeeble                 Hex            3%         N/A       100%        7


Dungeon Overview and Level Annotations

Branches:
Dungeon (5/15)             Temple (0/1) D:4

Altars:
Gozag
Yredelemnul

Shops:
D:1 [   D:2 *[[   D:4 ?


Message History

You start waiting.
Done waiting.
You start waiting.
Done waiting.
You climb downwards.
The adder bites you. The gnoll hits you but does no damage.
The adder barely misses you.
There is a stone staircase leading up here.
The adder closely misses you.
You climb upwards.
There is a stone staircase leading down here.
You sock the adder!
The adder is severely wounded.
You block the adder's attack. The gnoll barely misses you.
The adder bites you but does no damage.
You barely miss the adder.
The adder is severely wounded.
The gnoll hits you with a +0 flail. You block the adder's attack.
You hit the adder.
You kill the adder!
The gnoll hits you but does no damage. The gnoll hits you with a +0 flail.
You see here 4 gold pieces.
The gnoll hits you with a +0 flail!
You closely miss the gnoll. The gnoll hits you with a +0 flail!
You are too injured to fight recklessly!
You are too injured to fight recklessly!
You are too injured to fight recklessly!
You closely miss the gnoll. The gnoll barely misses you.
You hit the gnoll.
The gnoll is moderately wounded.
The gnoll hits you with a +0 flail.
You barely miss the gnoll.
The gnoll is moderately wounded.
The gnoll hits you with a +0 flail!
* * * LOW HITPOINT WARNING * * *
As you read the scroll of teleportation, it crumbles to dust.
You feel strangely unstable. The gnoll barely misses you.
The gnoll hits you with a +0 flail!
You die...
Your body crumbles into a pile of gold.

.#.# #.#######....#..####.....###
.#.# #.#..........#..#.###.....##
.#.# #.#....###......#..###.....#
##.###'#....#.'...(..'...###.....
#(##.......#.#......#....####'##
#.##.......#.#......#.....#.....
#.##......<#.#......##....#.....
#.##....##.#.#.g....###...+.[...
#.##.......#.#.@>$..####..#.)...
#.###+######.#####..#.###.#.....
#...#........# #..#..######'##
###.########## ##.'...###.....
#.##<# #.#....###.... #.##)#
#.#.....###... #.##.#########
#.##.....###..
#.##.##......####.###.....###.
####.##.##.####......#####'######


You could see a gnoll.

Vanquished Creatures
  An ogre (D:4)
  A scorpion (D:4)
  A bullfrog skeleton (D:2)
  2 hounds (D:4)
  2 jellies (D:4)
  An iguana (D:4)
  Natasha (thrice) (D:2)
  5 adders
  An ufetubus (D:4)
  An adder skeleton (D:4)
  2 worms (D:3)
  9 orcs
  6 bats
  6 endoplasms
  2 giant cockroaches
  5 goblins
  3 hobgoblins
  10 kobolds
  3 quokkas
  5 ball pythons
  2 frilled lizards (D:2)
  10 rats
81 creatures vanquished.

Notes
Turn   | Place    | Note
-------+----------+-------------------------------------------
     0 | D:1      | blackman the Human Wanderer began the quest for the Orb.
     0 | D:1      | blackman set off with the following items: a +2 mace, a +0
                  | buckler, a +0 leather armour; and the following spell
                  | memorised: Slow; and the following spells available to
                  | memorise: Dazzling Flash
     0 | D:1      | Reached XP level 1. HP: 15/15 MP: 2/2
   334 | D:1      | Reached XP level 2. HP: 11/21 MP: 3/3
   641 | D:1      | Reached skill level 3 in Maces & Flails
   684 | D:1      | Found Canguipp's Antique Armour Boutique.
  1042 | D:1      | Reached XP level 3. HP: 23/26 MP: 4/4
  1364 | D:2      | Found Hiumm's Armour Shoppe.
  1625 | D:2      | Reached skill level 4 in Maces & Flails
  1625 | D:2      | Reached XP level 4. HP: 17/32 MP: 5/5
  1855 | D:2      | Noticed Natasha
  1865 | D:2      | Killed Natasha
  1866 | D:2      | Reached XP level 5. HP: 20/37 MP: 6/6
  2144 | D:2      | Noticed Natasha
  2148 | D:2      | Killed Natasha
  2149 | D:2      | Reached skill level 5 in Maces & Flails
  2197 | D:2      | Noticed Natasha
  2210 | D:2      | Killed Natasha
  2675 | D:2      | Found a faded altar of an unknown god.
  2686 | D:2      | Prayed at the altar of an unknown god.
  2686 | D:2      | Became a worshipper of Gozag Ym Sagoz the Greedy
  2792 | D:2      | Found Coics's Armour Shoppe.
  2952 | D:2      | Found Ypleibb's General Store.
  2957 | D:2      | Bought a scroll of teleportation for 30 gold pieces
  4365 | D:4      | Reached skill level 6 in Maces & Flails
  4365 | D:4      | Reached XP level 6. HP: 34/43 MP: 7/7
  4590 | D:4      | Found Buegel's Magic Scroll Shoppe.
  4602 | D:4      | Noticed an ogre
  4631 | D:4      | Killed an ogre
  4632 | D:4      | Reached XP level 7. HP: 18/48 MP: 3/8
  4999 | D:4      | Reached skill level 7 in Maces & Flails
  5230 | D:4      | Found a staircase to the Ecumenical Temple.
  5487 | D:4      | Found a basalt altar of Yredelemnul.
  5811 | D:5      | Entered Level 5 of the Dungeon
  6094 | D:4      | Slain by a gnoll

Illustrated notes

Levels and vault maps discovered:
D:1:      nzn_arrival_water_spiral, layout_basic, serial_shops,
          nicolae_shop_temple_entry_statues_fountains
D:2:      layout_loops_ring, hellmonk_ecumenical_altar_lost_god, serial_shops,
          nicolae_shop_competitors_out_of_business, nicolae_shop_hallway_stairs,
          nicolae_lakefront_shop, uniq_natasha
D:3:      layout_basic, minivault_4, minivault_5
D:4:      layout_basic, mainiacjoe_overflow_alcove_1, temple_hall, serial_shops,
          kennysheep_mini, minmay_quadrilaterals
D:5:      layout_basic, uniq_prince_ribbit1, uniq_eustachio, uniq_grinder

Skill      XL: |  1  2  3  4  5  6  7 |
---------------+----------------------+-----
Maces & Flails | 3 4 6 7 |  7.7
Fighting       | |  1.0
Shields        | |  3.0
Spellcasting   | |  1.0
Hexes          | |  3.0

Action                   |  1- 3 |  4- 6 |  7- 9 || total
-------------------------+-------+-------+-------++-------
Melee: Mace              |    62 |   108 |    66 ||   236
Throw: Dart              |       |     6 |       ||     6
 Cast: Slow              |       |     7 |       ||     7
  Use: Potion            |       |     2 |       ||     2
       Scroll            |       |       |     1 ||     1
Armor: Leather armour    |    15 |    23 |       ||    38
       Ring mail         |       |     7 |    30 ||    37
Dodge: Dodged            |    19 |    32 |    27 ||    78
Block: Buckler           |    16 |    24 |    12 ||    52

Table legend: (Time is in decaauts)
 A = Elapsed time spent in this place.
 B = Non-inter-level travel time spent in this place.
 C = Inter-level travel time spent in this place.
 D = Time resting spent in this place.
 E = Time spent auto-exploring this place.
 F = Levels seen in this place.
 G = Mean time per level.
                   A        B        C        D        E       F      G
               +--------+--------+--------+--------+--------+-----+--------+
         Total |   6151 |   5797 |    354 |   1041 |   4066 |   5 | 1230.2 |
       Dungeon |   6151 |   5797 |    354 |   1041 |   4066 |   5 | 1230.2 |
               +--------+--------+--------+--------+--------+-----+--------+

Top non-repeatable levels by time:
     D:4: 1881 daAuts
     D:2: 1817 daAuts
     D:1: 1365 daAuts
     D:3: 1083 daAuts
     D:5: 4 daAuts
